AoeStats
← Luis

Black Forest

506435125Analyzed
1v1 RM · 20d ago on Sep 13, 2026· 47m 1s· 2 players
Game mode
Random Map
Map size
Tiny (2 player)
Population
200
Speed
Normal
Resources
Standard
Victory
Conquest
Starting age
Dark Age
Ending age
Imperial Age
RankedLock teamsTeams togetherTeam positionsShared explorationLock speedFull tech treeHidden civsTurbo modeCheats
Victory
Defeat
🇬🇧 Saracens · United Kingdom
667
+15
🇪🇸 Burgundians · Spain
637
-15
Luis
9:02 Loom
10:52 Feudal Age
9:30 Double-Bit Axe
12:47 Horse Collar
13:58 Bow Saw
14:58 Gold Mining
15:15 Heavy Plow
20:28 Castle Age
18:35 Town Watch
20:05 Stone Mining
20:41 Forging
20:36 Scale Mail Armor
21:41 Squires
21:37 Arson
22:19 Husbandry
23:30 Scale Barding Armor
25:21 Iron Casting
25:33 Fletching
25:59 Chain Mail Armor
25:23 Elite Skirmisher
26:42 Pikeman
28:53 Padded Archer Armor
30:57 Cavalier
32:28 Ballistics
32:19 Masonry
35:21 Wheelbarrow
35:20 Crop Rotation
35:09 Leather Archer Armor
35:15 Chain Barding Armor
34:57 Murder Holes
36:33 Burgundian Vineyards
37:29 Hand Cart
37:31 Fortified Wall
37:31 Bodkin Arrow
40:02 Two-Man Saw
39:11 Town Patrol
40:53 Sanctity
40:45 Fervor
46:45 Imperial Age
46:51 Imperial Age
Jaguar
0:33 Loom
12:34 Feudal Age
15:48 Town Watch
16:38 Wheelbarrow
17:17 Double-Bit Axe
18:59 Horse Collar
20:24 Gold Mining
24:02 Castle Age
25:04 Town Patrol
25:50 Husbandry
26:01 Bloodlines
29:43 Imperial Age
27:28 Heavy Plow
28:05 Bow Saw
29:36 Hand Cart
30:01 Elite Mameluke
31:05 Conscription
34:22 Two-Man Saw
33:57 Fletching
35:12 Forging
36:31 Chemistry
36:43 Iron Casting
36:15 Scale Barding Armor
35:47 Pikeman
36:28 Squires
39:18 Blast Furnace
39:35 Scale Mail Armor
44:53 Chain Barding Armor
Connection lost

Rejoining the realm…

Still unreachable

The connection could not be restored.

Session expired

The server has moved on; the page needs a fresh start.